 Dungeon Crawl Stone Soup version 0.31.0-11-ge490571c62 (webtiles) character file.

Game seed: 11727483925758993217

142 qw the Skirmisher (level 5, -1/29 HPs)
             Began as a Deep Elf Hunter on Feb 5, 2024.
             Slain by Edmund
             ... wielding a +2 dire flail of holy wrath
              (7 damage)
             ... on level 4 of the Dungeon.
             The game lasted 00:00:19 (2206 turns).

qw the Skirmisher (Deep Elf Hunter)                 Turns: 2206, Time: 00:00:19

Health: -1/29      AC:  6    Str: 10    XL:     5   Next: 4%
Magic:  7/7        EV: 11    Int: 14    God:
Gold:   132        SH:  0    Dex: 18    Spells: 4/4 levels left

rFire   . . .        a - +1 shortbow
rCold   . . .        (shield currently unavailable)
rNeg    . . .        e - +1 ring mail
rPois   .            (no helmet)
rElec   .            (no cloak)
rCorr   .            (no gloves)
SInv    .            (no boots)
Will    .....        (no amulet)
Stlth   +            (no ring)
HPRegen 0.24/turn    (no ring)
MPRegen 0.10/turn

%: no passive effects
@: about to teleport, hasted, very quick
A: no striking features
a: no special abilities


You were on level 4 of the Dungeon.
You visited 1 branch of the dungeon, and saw 4 of its levels.

You collected 204 gold pieces.
You spent 72 gold pieces at shops.


   Skills:
 - Level 1.5 Fighting
 + Level 8.4 Ranged Weapons
 - Level 2.4 Dodging
 - Level 1.2 Stealth


You had 4 spell levels left.
You didn't know any spells.
Your spell library was empty.

Inventory:

Hand Weapons
 a - a +1 shortbow (weapon)
Armour
 e - a +1 ring mail (worn)
Potions
 b - a potion of cancellation
 c - a potion of might
 f - a potion of heal wounds {unknown}
 g - a potion of haste
 h - 2 potions of curing
 i - a potion of invisibility {unknown}

Dungeon Overview and Level Annotations

Branches:
Dungeon (4/15)
 Temple: D:4-7

Altars:
Makhleb
The Shining One

Shops:
D:2 !

Annotations:
D:2 exclusion: 2 adders
D:4 Edmund


Message History

You shoot an arrow. The arrow hits Edmund.
Edmund is lightly wounded.
You shoot an arrow.
The arrow hits Edmund but does no damage.
Edmund is lightly wounded.
You shoot an arrow. The arrow hits Edmund.
Edmund is moderately wounded.
You shoot an arrow. The arrow hits Edmund.
Edmund is moderately wounded.
Edmund hits you with a +2 dire flail of holy wrath.
You shoot an arrow. The arrow hits Edmund.
Edmund is moderately wounded.
You feel a little less mighty now.
You shoot an arrow. The arrow hits Edmund.
Edmund is heavily wounded.
Edmund barely misses you.
You shoot an arrow. The arrow hits Edmund!
Edmund is severely wounded.
Edmund barely misses you.
You shoot an arrow. The arrow closely misses Edmund.
You shoot an arrow. The arrow barely misses Edmund.
Edmund hits you with a +2 dire flail of holy wrath.
You shoot an arrow. The arrow hits Edmund.
Edmund is severely wounded.
Edmund says, "People think my brother is the best.
I think he's crazy."
Edmund barely misses you.
You shoot an arrow.
The arrow hits Edmund but does no damage.
Edmund is severely wounded.
Edmund hits you with a +2 dire flail of holy wrath!
You shoot an arrow. The arrow barely misses Edmund.
Edmund hits you with a +2 dire flail of holy wrath!
2205 ||| READING scroll of teleportation.
As you read the scroll of teleportation, it crumbles to dust.
You feel strangely unstable.
You shoot an arrow. The arrow hits Edmund!
Edmund is almost dead.
Edmund hits you with a +2 dire flail of holy wrath!
You die...
Edmund says, "That'll show my brother!"

#.# #+# #.# #.# #.# #.#
#.# ####.### #<#
#......# #.# #......#
#.#########.#....#
#...........##.#.######.
###########.##..@@......
#.##.#.####### #.##.#.#
#......# ####.###


You could see Edmund.

Vanquished Creatures
  A gnoll (D:1)
  7 adders
  3 dart slugs
  3 ribbon worms (D:2)
  4 orcs (D:3)
  A ball python (D:2)
  3 bats
  6 endoplasms
  2 giant cockroaches (D:1)
  5 goblins
  5 hobgoblins
  3 kobolds
  4 quokkas
  2 frilled lizards
  5 rats
54 creatures vanquished.

Notes
Turn   | Place    | Note
-------+----------+-------------------------------------------
     0 | D:1      | qw the Deep Elf Hunter began the quest for the Orb.
     0 | D:1      | Reached XP level 1. HP: 12/12 MP: 3/3
     0 | D:1      | 0 ||| qw: Version: 0.3-a-160-g6735b56
     0 | D:1      | 0 ||| qw: Game counter: 6171
     0 | D:1      | 0 ||| qw: Melee chars always use a shield: true
     0 | D:1      | 0 ||| qw: God list: Okawaru
     0 | D:1      | 0 ||| qw: Allow faded altars: false
     0 | D:1      | 0 ||| qw: Do Orc after clearing Dungeon:15 true
     0 | D:1      | 0 ||| qw: Do second Lair branch before Depths: true
     0 | D:1      | 0 ||| qw: Lair rune preference: random
     0 | D:1      | 0 ||| qw: Goals: Normal
     0 | D:1      | 0 ||| PLANNING D:1-11
   112 | D:1      | Reached skill level 6 in Ranged Weapons
   112 | D:1      | Reached XP level 2. HP: 16/16 MP: 4/4
   350 | D:1      | You fall into a shaft and drop 1 floor!
   379 | D:2      | Reached XP level 3. HP: 20/20 MP: 5/5
   424 | D:2      | Reached skill level 7 in Ranged Weapons
   597 | D:2      | 597 ||| UPGRADING to +0 ring mail.
   607 | D:2      | 607 ||| DROPPING +0 leather armour.
   608 | D:2      | 608 ||| READING scroll labelled BINANL ECWIH.
   709 | D:2      | 709 ||| READING scroll labelled AMNILA FIEPHI.
   709 | D:2      | 709 ||| ENCHANTING +0 shortbow.
   710 | D:2      | 710 ||| READING 2 scrolls labelled FEFEARR OPPE.
   711 | D:2      | 711 ||| DRINKING 2 murky blue potions.
   712 | D:2      | 712 ||| DROPPING scroll of butterflies.
   713 | D:2      | 713 ||| DROPPING scroll of amnesia.
   815 | D:1      | 815 ||| READING scroll labelled APHYUR REDUIGI.
   975 | D:2      | Reached XP level 4. HP: 25/25 MP: 6/6
  1080 | D:2      | Found Woqits's Distillery.
  1085 | D:2      | 1085 ||| BUYING potion of curing (36 gold).
  1085 | D:2      | Bought a potion of curing for 36 gold pieces
  1085 | D:2      | 1085 ||| BUYING potion of curing (36 gold).
  1085 | D:2      | Bought a potion of curing for 36 gold pieces
  1085 | D:2      | 1085 ||| SHOPLISTING potion of enlightenment (60 gold, have
                  | 33).
  1085 | D:2      | 1085 ||| SHOPLISTING potion of haste (120 gold, have 33).
  1085 | D:2      | 1085 ||| SHOPLISTING potion of heal wounds (60 gold, have
                  | 33).
  1216 | D:2      | 1216 ||| READING scroll labelled VUOXAK LILAKKE.
  1216 | D:2      | 1216 ||| ENCHANTING +0 ring mail.
  1589 | D:3      | Reached skill level 8 in Ranged Weapons
  1652 | D:3      | Found a glowing golden altar of the Shining One.
  1780 | D:3      | Found a burning altar of Makhleb.
  1995 | D:3      | Reached XP level 5. HP: 29/29 MP: 7/7
  1996 | D:3      | Found a faded altar of an unknown god.
  2147 | D:3      | 2147 ||| DROPPING +1 leather armour of cold resistance.
  2148 | D:3      | 2148 ||| READING scroll labelled NESYDU CICIETE.
  2148 | D:3      | 2148 ||| IDENTIFYING grey potion
  2149 | D:3      | 2149 ||| DRINKING 2 bubbling black potions.
  2150 | D:3      | 2150 ||| DRINKING 2 bubbling coppery potions.
  2151 | D:3      | 2151 ||| DROPPING potion of brilliance.
  2188 | D:4      | Noticed Edmund
  2189 | D:4      | 2189 ||| DRINKING 2 potions of haste.
  2204 | D:4      | HP: 5/29 [Edmund/+2 dire flail of holy wrath (7)]
  2205 | D:4      | 2205 ||| READING scroll of teleportation.
  2206 | D:4      | Slain by Edmund

Levels and vault maps discovered:
D:1:      scummos_arrival_gate, layout_basic, item_on_display_a
D:2:      layout_basic, serial_shops, nicolae_diamond_shop,
          kennysheep_small_spiral
D:3:      layout_loops_ring, tso_oasis_becter, mainiacjoe_overflow_boulevard,
          chequers_ecumenical_altar_island
D:4:      layout_loops_corners, nicolae_vehumet_radiance, uniq_edmund,
          uniq_grinder

Skill      XL: |  1  2  3  4 |
---------------+-------------+-----
Ranged Weapons | 6 7 8 |  8.4
Fighting       | |  1.5
Dodging        | |  2.4
Stealth        | |  1.2

Action                     |  1- 3 |  4- 6 || total
---------------------------+-------+-------++-------
   Fire: Shortbow          |   113 |    85 ||   198
    Use: Scroll            |     4 |     3 ||     7
         Potion            |     1 |     3 ||     4
 Armour: Leather armour    |    17 |       ||    17
         Ring mail         |       |    17 ||    17
  Dodge: Dodged            |    28 |    22 ||    50

Table legend:
 A = Non-vault XP
 B = Vault XP
 C = Vault XP percentage of total XP
 D = Non-vault monster count
 E = Vault monster count
 F = Vault count percentage of total count
                 A         B        C        D         E       F
            +---------+---------+-------+---------+---------+-------
      Total |     204 |       0 |   0.0 |      54 |       0 |   0.0
            +---------+---------+-------+---------+---------+-------
        D:1 |      52 |       0 |   0.0 |      19 |       0 |   0.0
        D:2 |      54 |       0 |   0.0 |      14 |       0 |   0.0
        D:3 |      98 |       0 |   0.0 |      21 |       0 |   0.0
            +---------+---------+-------+---------+---------+-------
